Tolliver Groat, neutral female gnomish Tourist ---------- --- |........|#######+.+ |........-##### |.| |..<.....| # |.----+----- ---- --+----- | -----|---- ###|................................## # #...-+-----+-- -+----- -- | ### |..| # |..| ### |..----+----- | # |a............{....| #### |a------+-------- | |.|..?=| |a-@/.?| |@|.%*[| |.------ |. --- Tolliver Groat the Sightseer Experience level: 5 Strength: 11 Dexterity: 15 Constitution: 14 Intelligence: 13 Wisdom: 10 Charisma: 14 Health: 0(32) Energy: 20(20) Def: 4 Gold: 1093 Moves: 3435 Dungeon seed: 5e8u2WtdLfewSfLe Game ID: Tolliver Groat_1529594396 Your Inventory: Coins $ - 1093 gold pieces Weapons a - 44 uncursed +2 darts (in quiver) p - a blessed corroded +2 aklys (weapon in hand) Q - an uncursed +0 long sword Armor m - an uncursed +0 Hawaiian shirt (being worn) q - an uncursed +0 cloak of displacement (being worn) z - an uncursed +0 studded leather armor (being worn) Comestibles b - 2 uncursed carrots f - 3 uncursed fortune cookies g - 4 uncursed food rations h - 5 uncursed tripe rations M - an uncursed eucalyptus leaf Scrolls c - an uncursed scroll of identify k - 4 uncursed scrolls of magic mapping t - an uncursed scroll of enchant armor v - an uncursed scroll of remove curse w - 3 uncursed scrolls of scare monster y - 2 uncursed scrolls of confuse monster G - a cursed scroll of identify Potions j - 2 uncursed potions of extra healing r - 2 uncursed potions of hallucination s - 2 uncursed potions of fruit juice u - an uncursed potion of invisibility I - a cursed potion of booze K - an uncursed potion of booze L - an uncursed potion of confusion P - a cursed potion of oil Rings Y - an uncursed ring of levitation Wands n - an uncursed wand of secret door detection (0:13) F - an uncursed wand of teleportation (0:5) Tools e - an uncursed credit card l - an uncursed expensive camera (0:74) o - an uncursed oil lamp (0:1431) R - an uncursed magic marker (0:59) U - an uncursed horn of plenty (0:12) Z - an uncursed tin whistle Spells and supernatural/magical abilities: Name Level Category Fail Memory W - pray for help -- divine ? -- Your skills at the end: Miscellaneous Skills wands [Basic] stealth [Expert] Weapon Skills club [Basic] dart [Basic] Spellcasting Skills Final Attributes: You were devoutly aligned. You were fire resistant. You had infravision. You were displaced. You were stealthy. You are dead. Vanquished creatures: a small mimic 2 fog clouds a black naga hatchling a straw golem 2 giant ants 2 puppies a floating eye 2 kittens a kobold lord an iguana a hill orc a rabid rat a jitterbug a werejackal a killer bee a coyote 2 acid blobs 2 geckos 6 giant rats a yellow mold a green mold a red mold 2 gnomes 3 manes 2 jackals 3 foxes a kobold 9 newts 2 goblins 2 sewer rats 6 grid bugs 6 lichens 3 kobold zombies 72 creatures vanquished. Voluntary challenges: You did not adorn yourself with jewelry or accessories. You did not cause conflict. You were not invisible. You did not have reflection. You used a wielded weapon 91 times, starting on turn 61. You did not apply a unicorn horn. You did not use plumbed fixtures. You were illiterate. You never genocided any monsters. You never polymorphed an object. You never changed form. You used no wishes. You never split a pudding. You never wrote Elbereth's name. You never violated your personal moral code. Dungeon overview: The Dungeons of Doom: levels 1 to 6 Level 1 a fountain a long staircase Level 2 a general store, a fountain stairs to The Gnomish Mines Level 3 Level 4 a delicatessen, an altar to The Lady Level 5 a fountain, a throne Level 6 The Gnomish Mines: levels 3 to 5 Level 3 stairs to The Dungeons of Doom Level 4 Level 5 <- You were here a general store, a fountain History has recorded: On T:1 you entered the Dungeons of Doom to retrieve the Amulet of Yendor! On T:362 you reached level 2 of The Dungeons of Doom. On T:543 you advanced to experience level 2. On T:640 you advanced to experience level 3. On T:776 you reached level 3 of The Dungeons of Doom. On T:869 you advanced to experience level 4. On T:1146 you reached level 4 of The Dungeons of Doom. On T:1488 you reached level 6 of The Dungeons of Doom. On T:1503 you reached level 5 of The Dungeons of Doom. On T:1540 you advanced to experience level 5. On T:2573 you reached level 1 of The Gnomish Mines. On T:2900 you reached level 2 of The Gnomish Mines. On T:3286 you reached level 3 of The Gnomish Mines. Score breakdown: Gold: 297 ( 29 points) Experience: 5 levels ( 400 points) Exploration: 6 levels ( 150 points) Discoveries: 17 items ( 850 points) Variety of kills: 33 monsters ( 1650 points) Major goal: (nothing yet) ( 0 points) Survival: died (score multiplied by 3) Total score: 9237 Latest messages: You see here a scroll of identify (27 zorkmids). Coco picks up a gem. You see here a maple wand (133 zorkmids). The killer bee stings! (3x) The killer bee misses. You feel much better. The killer bee stings! You hit the killer bee. The killer bee misses. The killer bee stings! (2x) The killer bee's sting was poisoned! You kill the killer bee! The killer bee stings! You miss the killer bee. The killer bee misses. You hit the killer bee. The killer bee stings! The killer bee's sting was poisoned! The killer bee stings! You die... Maganasipi looks at your corpse, shakes her head, and sighs. Final status: Aloha Tolliver Groat the Tourist, killed by a killer bee... You died in The Gnomish Mines on dungeon level 5 with 9237 points, and 1093 pieces of gold, after 3435 moves. You were level 5 with a maximum of 32 hit points when you died.